 Dungeon Crawl Stone Soup version 0.32-a0-975-g85d4e5bfdb (webtiles) character file.

Game seed: 2153165770592960125

129 Autsider the Sneak (level 5, -1/26 HPs)
             Began as a Vine Stalker Warper on Apr 18, 2024.
             Slain by a gnoll
             ... wielding a +0 halberd of flaming
              (3 damage)
             ... on level 3 of the Dungeon.
             The game lasted 00:03:22 (1778 turns).

Autsider the Sneak (Vine Stalker Warper)            Turns: 1778, Time: 00:03:23

Health: -1/26      AC:  4    Str: 14    XL:     5   Next: 12%
Magic:  0/9        EV: 11    Int: 13    God:
Gold:   55         SH:  0    Dex: 15    Spells: 8/8 levels left

rFire   . . .        a - +0 short sword
rCold   . . .        (no shield)
rNeg    . . .        b - +0 leather armour
rPois   .            (no helmet)
rElec   .            k - scarf {shadows}
rCorr   .            j - +0 pair of gloves
SInv    .            (no boots)
Will    .....        (no amulet)
Stlth   ++           (no ring)
HPRegen 1.04/turn    (no ring)
MPRegen 0.11/turn

%: guardian spirit
@: no status effects
A: fangs 2, regeneration 1, magic shield, antimagic bite, no potion heal 2
a: no special abilities


You were on level 3 of the Dungeon.
You visited 1 branch of the dungeon, and saw 3 of its levels.

You collected 55 gold pieces.

Inventory:

Hand Weapons
 a - a +0 short sword (weapon)
Missiles
 d - 7 darts of dispersal (quivered)
 f - 5 poisoned darts
 m - 3 javelins
Armour
 b - a +0 leather armour (worn)
 j - a +0 pair of gloves (worn)
 k - a scarf of shadows (worn)
Scrolls
 c - 2 scrolls of blinking
 e - a scroll of noise {unknown}
 g - a scroll of enchant armour {unknown}
 i - 2 scrolls of identify {unknown}
 l - a scroll of teleportation {unknown}
Potions
 h - 2 potions of curing {unknown}
 n - a potion of resistance {unknown}
 o - 2 potions of heal wounds {unknown}


   Skills:
 - Level 2.0 Fighting
 - Level 1.7 Short Blades
 - Level 0.8 Throwing
 - Level 0.7 Armour
 + Level 3.1 Dodging
 + Level 4.1 Stealth
 - Level 2.1 Spellcasting
 - Level 3.0 Translocations


You had 8 spell levels left.
You didn't know any spells.
Your spell library contained the following spells:

 Spells                   Type           Power      Damage    Failure   Level
 Blink                    Tloc           18%        N/A       14%         2
 Lesser Beckoning         Tloc           18%        N/A       14%         2
 Maxwell's Portable Pile  Tloc           9%         2d(6-16)  28%         3
 Teleport Other           Tloc           9%         N/A       28%         3
 Jinxbite                 Hex            2%         N/A       43%         2
 Vhi's Electric Charge    Tloc/Air       10%        N/A       86%         4
 Yara's Violent Unravell  Hex/Alch       0%         3d3       100%        5
 Enfeeble                 Hex            0%         N/A       100%        7


Dungeon Overview and Level Annotations

Branches:
Dungeon (3/15)

Altars:


Innate Abilities, Weirdness & Mutations

You have extremely sharp teeth.
Your natural rate of healing is unusually fast.
When hurt, damage is shared between your health and your magic reserves.
Your bite disrupts and absorbs the magic of your enemies.
Potions cannot restore your health.


Message History

You closely miss the goblin. You hit the goblin.
The goblin is heavily wounded.
The gnoll shouts!
A gnoll comes into view. It is wielding a +0 whip.
The goblin hits you but does no damage.
You closely miss the goblin.
The goblin is heavily wounded.
The goblin hits you with a +0 club.
The gnoll shouts!
You hit the goblin.
You kill the goblin!
You hear a shout!
A kobold comes into view. It is wielding a +0 dagger.
The gnoll misses you. The gnoll hits you with a +0 spear.
Things that are here:
a +0 club; a goblin corpse You barely miss the gnoll.
Your bite misses the gnoll. The gnoll hits you with a +0 spear.
The gnoll barely misses you.
You are too injured to fight recklessly!
You hit the gnoll. Your bite misses the gnoll.
The gnoll is moderately wounded.
The gnoll hits you but does no damage. The gnoll closely misses you.
You closely miss the gnoll. You bite the gnoll. You drain its power.
You feel invigorated.
The gnoll is heavily wounded.
The gnoll hits you with a +0 spear!
The gnoll hits you from afar with a +0 halberd of flaming!
* * * LOW HITPOINT WARNING * * *
The gnoll burns you.
You hit the gnoll.
The gnoll is severely wounded.
The gnoll barely misses you. The gnoll hits you with a +0 spear.
You barely miss the gnoll.
The gnoll is severely wounded.
The gnoll closely misses you.
The gnoll hits you from afar with a +0 halberd of flaming!
* * * LOW HITPOINT WARNING * * *
The gnoll burns you.
You die... .......##.. .......#. ....... ..K.. gg.

#g# #@# # #.#
##.#####.######
#..............
...........####
#..###<###.#
#..# ... #..#
.### #... #


You could see 3 gnolls and a kobold.

Vanquished Creatures
  Jessica (D:2)
  5 adders (D:2)
  A ribbon worm (D:2)
  10 ball pythons
  4 bats
  8 endoplasms
  4 goblins
  6 hobgoblins
  9 kobolds
  5 rats
53 creatures vanquished.

Notes
Turn   | Place    | Note
-------+----------+-------------------------------------------
     0 | D:1      | Autsider the Vine Stalker Warper began the quest for the
                  | Orb.
     0 | D:1      | Reached XP level 1. HP: 11/11 MP: 4/4
   103 | D:1      | Reached skill level 1 in Stealth
   103 | D:1      | Reached XP level 2. HP: 10/15 MP: 4/6
   377 | D:1      | Reached skill level 2 in Stealth
   572 | D:1      | Reached XP level 3. HP: 18/18 MP: 7/7
   999 | D:2      | Noticed Jessica
  1004 | D:2      | Killed Jessica
  1005 | D:2      | Reached skill level 3 in Stealth
  1005 | D:2      | Reached XP level 4. HP: 23/23 MP: 8/8
  1510 | D:2      | Reached XP level 5. HP: 26/26 MP: 7/9
  1571 | D:2      | Reached skill level 4 in Stealth
  1778 | D:3      | Slain by a gnoll

Illustrated notes

Levels and vault maps discovered:
D:1:      orjb1_clovarrival, layout_loops_corners, minivault_27
D:2:      minmay_spotlight, layout_basic, uniq_jessica
D:3:      layout_loops_ring, mainiacjoe_overflow_boulevard,
          nicolae_overflow_quartered_altars,
          hellmonk_ecumenical_altar_defaced_shrine

Skill      XL: |  1  2  3  4  5 |
---------------+----------------+-----
Fighting       | 2 |  2.0
Stealth        | 1 2 3 4 |  4.1
Dodging        | 2 3 |  3.1
Short Blades   | |  1.7
Throwing       | |  0.8
Armour         | |  0.7
Spellcasting   | |  2.1
Translocations | |  3.0

Action                     |  1- 3 |  4- 6 || total
---------------------------+-------+-------++-------
  Melee: Short sword       |    73 |   120 ||   193
         Bite              |    16 |    26 ||    42
    Use: Scroll            |       |     1 ||     1
   Stab: Sleeping          |     3 |     4 ||     7
 Armour: Leather armour    |    42 |    70 ||   112
  Dodge: Dodged            |    33 |    72 ||   105

Table legend: (Time is in decaauts)
 A = Elapsed time spent in this place.
 B = Non-inter-level travel time spent in this place.
 C = Inter-level travel time spent in this place.
 D = Time resting spent in this place.
 E = Time spent auto-exploring this place.
 F = Levels seen in this place.
 G = Mean time per level.
                   A        B        C        D        E       F      G
               +--------+--------+--------+--------+--------+-----+--------+
         Total |   1774 |   1708 |     66 |     14 |   1292 |   3 |  591.3 |
       Dungeon |   1774 |   1708 |     66 |     14 |   1292 |   3 |  591.3 |
               +--------+--------+--------+--------+--------+-----+--------+

Top non-repeatable levels by time:
     D:1: 1006 daAuts
     D:2: 754 daAuts
     D:3: 14 daAuts
